 Dungeon Crawl Stone Soup version 0.14-a0-1637-gd423c14 (webtiles) character file.

1346 M4edhros the Covert (level 8, -2/48 HPs)
             Began as an Octopode Artificer on Dec 26, 2013.
             Was an Initiate of Fedhas.
             Slain by a gnoll
             ... wielding a +0,+0 spear
              (11 damage)
             ... on Level 6 of the Dungeon.
             The game lasted 00:12:20 (5536 turns).

M4edhros the Covert (Octopode Artificer)            Turns: 5536, Time: 00:12:21

HP  -2/48        AC  1     Str 15      XL: 8   Next: 37%
MP  12/12        EV 12     Int 16      God: Fedhas [......]
Gold 205         SH  0     Dex 13      Spells:  1 memorised,  3 levels left

rFire  . . .     SeeInvis .     k - +2,+5 spear (freeze)
rCold  . . .     Clarity  .     (no shield)
rNeg   + . .     Conserve .     (helmet restricted)
rPois  .         rCorr    .     l - amulet of warding
rElec  .         rRot     .     (no ring)
SustAb . .       Spirit   .     (no ring)
rMut   .         Warding  +     (no ring)
Saprov . . .     Stasis   .     (no ring)
                                (no ring)
                                (no ring)
                                (no ring)
                                (no ring)

@: mighty, slightly resistant to hostile enchantments, extremely stealthy
A: almost no armour, amphibious, 8 rings, constrict 8, camouflage 1, gelatinous
body 1
a: Renounce Religion


You were on level 6 of the Dungeon.
You worshipped Fedhas.
Fedhas was noncommittal.
You were hungry.

You visited 2 branches of the dungeon, and saw 7 of its levels.

You collected 205 gold pieces.

Inventory:

Hand weapons
 a - a +0,+1 short sword
 k - a +2,+5 spear of freezing (weapon)
Magical devices
 b - a wand of flame (0)
 c - a wand of enslavement (1)
 d - a wand of random effects (0)
Comestibles
 f - 4 bread rations
 h - 2 apples
 i - 2 meat rations
Scrolls
 g - 5 scrolls of teleportation
 n - a scroll of remove curse {unknown}
 q - 3 scrolls of blinking
Jewellery
 l - an amulet of warding (around mantle)
Books
 o - a book of Maledictions

   Spells                             Type                      Level
   Corona                             Hexes                        1
   Sure Blade                         Hexes/Charms                 2
   Ensorcelled Hibernation            Hexes/Ice                    2
   Confuse                            Hexes                        3
   *Enslavement                       Hexes                        4
   Invisibility                       Hexes                        6


   Skills:
 - Level 1.0 Fighting
 - Level 1.0 Short Blades
 - Level 2.0 Dodging
 - Level 12.2 Stealth
 + Level 3.6 Hexes
 - Level 3.2 Evocations


You had 3 spell levels left.
You knew the following spells:

 Your Spells              Type           Power        Failure   Level  Hunger
a - Enslavement           Hex            ##......     63%         4    #####..


Dungeon Overview and Level Annotations

Branches:
Dungeon (6/16)             Temple (1/1) D:6

Altars:
Cheibriados
Fedhas
Okawaru
Sif Muna
Trog
Vehumet
Yredelemnul
Zin

Annotations:
D:3 Restia's ghost, average TeBe


Innate Abilities, Weirdness & Mutations

You cannot wear most types of armour.
You are amphibious.
You can wear up to eight rings at the same time.
You can use your tentacles to constrict many enemies at once.
Your skin changes colour to match your surroundings (Stlth).
Your rubbery body absorbs attacks (AC +1).


Message History

You constrict the gnoll, but do no damage.
The gnoll hits you with a flail!
You puncture the gnoll! You freeze the gnoll.
You kill the gnoll!
The gnoll hits you from afar with a spear.
* * * LOW HITPOINT WARNING * * *
Evoke which item? (* to show all) (? for menu, Esc to quit)
Zapping:
c - a wand of enslavement (3)
Press: ? - help, Shift-Dir - straight line, f - gnoll
Aim: a gnoll, wielding a spear The gnoll struggles to resist.
This wand has 2 charges left.
The gnoll barely misses you.
Evoke which item? (* to show all) (? for menu, Esc to quit)
Zapping:
c - a wand of enslavement (2)
Press: ? - help, Shift-Dir - straight line, f/p - gnoll
Aim: a gnoll, wielding a spear The gnoll struggles to resist.
This wand has 1 charge left.
The gnoll hits you from afar with a spear!
You die...
Fedhas appreciates your contribution to the ecosystem.

## #.#...# #...[....# #######.
##.#...###..# #..# #.
###........#..# #?.# #.
..............# #..# ###.
#..........#..####.)# #...
#..#.#....##..#...f.# #.#.
.....#.###.#..#.###g# #.#.
#..###.# #....#.###.# #.#.
#..###.###.#....@.#.# ####.#.
...............##)#.#######.....#
#..............##.g......%..##.##
##.#########..###.####.#.##.###.#
#... .>..........(.#....# ##.
##### ##################.# ## #.#
# #.. . ### r.


You could see a gnoll.

Vanquished Creatures
  A sky beast (D:5)
  A phantom (D:5)
  A crocodile (D:4)
  Satan Claus (D:5)
  Blork the orc (D:5)
  2 gnoll sergeants (D:6)
  2 hounds
  3 crimson imps
  A giant frog zombie (D:5)
  3 orc priests
  A water moccasin zombie (D:6)
  An iguana (D:5)
  3 orc wizards
  A human skeleton (D:5)
  A scorpion (D:5)
  A worker ant (D:6)
  A hound zombie (D:5)
  3 gnolls (D:6)
  A hound skeleton (D:6)
  4 adders
  A human (D:5)
  2 giant eyeballs (D:6)
  An ooze (D:5)
  16 orcs
  3 ball pythons
  2 bats
  A giant cockroach (D:5)
  9 hobgoblins
  3 kobolds
  2 quokkas (D:5)
  A giant gecko (D:5)
  3 giant newts
  3 goblins
  A goblin skeleton (D:5)
  A goblin zombie (D:5)
  3 jackals (D:5)
  A kobold skeleton (D:5)
  2 rats
88 creatures vanquished.

Vanquished Creatures (collateral kills)
  A gnoll sergeant (D:6)
  A crimson imp (D:5)
  An orc priest (D:4)
  4 gnolls (D:6)
  An orc (D:5)
8 creatures vanquished.

Vanquished Creatures (others)
  A goliath beetle zombie (D:6)
  11 toadstools (D:6)
12 creatures vanquished.

Grand Total: 108 creatures vanquished

Notes
Turn   | Place    | Note
--------------------------------------------------------------
     0 | D:1      | M4edhros, the Octopode Artificer, began the quest for the Orb.
     0 | D:1      | Reached XP level 1. HP: 13/13 MP: 1/1
    46 | D:2      | Found a radiant altar of Vehumet.
   155 | D:2      | Reached XP level 2. HP: 15/18 MP: 3/3
   518 | D:2      | Found a bloodstained altar of Trog.
   978 | D:3      | Reached skill level 4 in Stealth
   978 | D:3      | Reached XP level 3. HP: 11/23 MP: 4/4
   986 | D:3      | Noticed Restia's ghost (average TeBe)
  1171 | D:4      | Reached skill level 5 in Stealth
  1172 | D:4      | Reached XP level 4. HP: 28/28 MP: 6/6
  1217 | D:4      | Reached skill level 6 in Stealth
  1480 | D:4      | Reached skill level 7 in Stealth
  1480 | D:4      | Reached XP level 5. HP: 11/33 MP: 7/7
  1688 | D:4      | Noticed a crocodile
  1698 | D:4      | Killed a crocodile
  1698 | D:4      | Reached skill level 8 in Stealth
  1898 | D:4      | Reached XP level 6. HP: 38/38 MP: 9/9
  2084 | D:4      | Learned a level 4 spell: Enslavement
  2249 | D:5      | Entered Level 5 of the Dungeon
  2303 | D:5      | Noticed Satan Claus
  2306 | D:5      | Killed Satan Claus
  2306 | D:5      | Reached skill level 9 in Stealth
  2622 | D:5      | Reached skill level 10 in Stealth
  2622 | D:5      | Reached XP level 7. HP: 23/43 MP: 10/10
  3203 | D:5      | Reached skill level 11 in Stealth
  3236 | D:5      | Found a basalt altar of Yredelemnul.
  3284 | D:5      | Noticed Blork the orc
  3324 | D:5      | Killed Blork the orc
  4424 | D:5      | Reached skill level 12 in Stealth
  4424 | D:5      | Reached XP level 8. HP: 36/48 MP: 12/12
  4515 | D:6      | Reached skill level 1 in Hexes
  4747 | D:6      | Found a staircase to the Ecumenical Temple.
  4760 | Temple   | Entered the Ecumenical Temple
  4776 | Temple   | Became a worshipper of Fedhas Madash
  5494 | D:6      | Paralysed by a potion of paralysis for 4 turns
  5536 | D:6      | Slain by a gnoll

Action                   |  1- 3 |  4- 6 |  7- 9 || total
-------------------------+-------+-------+-------++-------
Melee: Short sword       |    21 |    69 |   134 ||   224
       Spear             |       |       |     5 ||     5
Evoke: Wand              |     2 |    18 |    24 ||    44
  Use: Potion            |     2 |     2 |     5 ||     9
       Scroll            |       |       |     9 ||     9
 Stab: Sleeping          |     2 |     4 |    11 ||    17
       Distracted        |       |       |     2 ||     2
